 Dungeon Crawl Stone Soup version 0.30.0-10-gfe55d96785 (webtiles) character file.

Game seed: 113113664503797805

3876 Nestrion the Grappler (level 10, -10/92 HPs)
             Began as a Troll Warper on May 14, 2023.
             Was a Priest of the Shining One.
             Mangled by a two-headed ogre
             ... wielding a +0 giant club
              (17 damage)
             ... on level 9 of the Dungeon.
             The game lasted 00:39:09 (5458 turns).

Nestrion the Grappler (Troll Warper)                Turns: 5458, Time: 00:39:12

Health: -10/92     AC:  5    Str: 23    XL:     10   Next: 0%
Magic:  13/13      EV: 11    Int: 11    God:    the Shining One [***...]
Gold:   388        SH:  0    Dex:  9    Spells: 9/14 levels left

rFire   . .          .
                       - Unarmed
rCold   x . .        e - orb {light}
rNeg    + + .        a - +0 robe
rPois   +            (helmet restricted)
rElec   .            M - +0 cloak
rCorr   .            (gloves unavailable)
SInv    .            (boots unavailable)
Will    +....        (no amulet)
Stlth   +            x - ring of positive energy
HPRegen 1.15/turn    v - ring of wizardry
MPRegen 0.13/turn

%: wizardry (x1)
@: slowed, glowing, very slow
A: large, unfitting armour, claws 3, regeneration 1, shaggy fur 1, tough skin 1,
strong-willed 1, poison resistance, cold vulnerability 1
a: Renounce Religion, Divine Shield, Cleansing Flame


You were on level 9 of the Dungeon.
You worshipped the Shining One.
The Shining One was most pleased with you.
You visited 1 branch of the dungeon, and saw 9 of its levels.
You also visited: Ossuary.

You collected 388 gold pieces.

Inventory:

Hand Weapons
 f - a +0 dagger
 E - a +4 dire flail
 J - a +0 quarterstaff of pain
 N - a +1 vampiric long sword
Missiles
 c - 4 boomerangs of dispersal (quivered)
Armour
 a - a +0 robe (worn)
 b - a +0 leather armour
 e - an orb of light (worn)
 i - a +0 pair of boots
 l - a +0 leather armour
 s - a +0 leather armour
 z - a +0 robe
 A - a +1 pair of gloves
 K - a +0 ring mail
 M - a +0 cloak (worn)
Magical Staves
 F - a staff of poison
Jewellery
 v - a ring of wizardry (right claw)
 x - a ring of positive energy (left claw)
 G - a ring of see invisible
Wands
 p - a wand of light (22)
 w - a wand of roots (42)
 O - a wand of flame (10)
Scrolls
 h - 2 scrolls of immolation {unknown}
 j - 2 scrolls of acquirement {unknown}
 m - a scroll of torment {unknown}
 r - 2 scrolls of enchant weapon
 u - 2 scrolls of magic mapping {unknown}
 y - a scroll of fear {unknown}
 B - 2 scrolls of brand weapon {unknown}
 C - 2 scrolls of poison {unknown}
 H - a scroll of teleportation
 I - 2 scrolls of identify
 L - a scroll of blinking
Potions
 d - 3 potions of attraction
 g - 2 potions of cancellation
 k - 2 potions of brilliance {unknown}
 n - 5 potions of resistance
 o - 4 potions of ambrosia
 q - 2 potions of curing
 t - a potion of heal wounds {unknown}
 D - 3 potions of mutation


   Skills:
 - Level 3.8 Fighting
 - Level 1.4 Throwing
 + Level 5.5 Dodging
 - Level 0.7 Stealth
 * Level 10.1 Unarmed Combat
 + Level 2.7 Spellcasting
 - Level 3.4 Translocations
 * Level 3.6 Invocations


You had 9 spell levels left.
You knew the following spells:

 Your Spells              Type           Power      Damage    Failure   Level
a - Blink                 Tloc           18%        N/A       4%          2
b - Teleport Other        Tloc           9%         N/A       9%          3

Your spell library contained the following spells:

 Spells                   Type           Power      Damage    Failure   Level
 Lesser Beckoning         Tloc           18%        N/A       4%          2
 Cigotuvi's Dreadful Rot  Necr/Pois/Air  2%         N/A       16%         2
 Vhi's Electric Charge    Tloc/Air       10%        N/A       16%         3
 Manifold Assault         Tloc           9%         N/A       26%         4
 Ignite Poison            Fire/Tmut/Pois 1%         N/A       32%         3
 Sticky Flame             Conj/Fire      1%         2d3       69%         4
 Freezing Cloud           Conj/Ice/Air   0%         6-21      95%         5
 Ignition                 Fire           0%         3d3       100%        8


Dungeon Overview and Level Annotations

Branches:
Dungeon (9/15)                Orc (0/2) D:9         Ossuary (visited)
 Temple: D:4-7         Lair: D:8-11

Altars:
Nemelex Xobeh
Okawaru
Sif Muna
Xom
The Shining One
Jiyva

Shops:
D:1 *

Annotations:
D:9 2 runed translucent doors


Innate Abilities, Weirdness & Mutations

You are too large for most types of armour.
You have claws for hands.
Your natural rate of healing is unusually fast.
You are covered in fur. (AC +1)
You have tough skin. (AC +1)
You are strong-willed. (Will+)
Your system is resistant to poisons. (rPois)
You are vulnerable to cold. (rC-)


Message History

The gnoll sergeant hits you with a +0 spear.
You claw the gnoll sergeant!
The gnoll sergeant is almost dead.
A two-headed ogre comes into view. It is wielding two +0 giant clubs.
The gnoll sergeant completely misses you.
The gnoll sergeant hits you with a +0 spear.
A gnoll comes into view. It is wielding a +0 flail.
The two-headed ogre moves out of view.
You scratch the gnoll sergeant.
You kill the gnoll sergeant!
The two-headed ogre shouts in stereo!
You claw the gnoll!
The gnoll is severely wounded.
The gnoll hits you with a +0 flail!
A gnoll comes into view. It is wielding a +0 spear.
You claw the gnoll!
You kill the gnoll!
You scratch the gnoll.
The gnoll is heavily wounded.
The gnoll barely misses you.
You mangle the gnoll!!
You kill the gnoll!
You have reached level 10!
Unknown command.
The two-headed ogre closely misses you.
The two-headed ogre hits you with a +0 giant club.
The gnoll closely misses you.
Items here: $ ))) [[ †.
You barely miss the two-headed ogre.
The gnoll hits you from afar with a +0 spear!
The two-headed ogre hits you with a +0 giant club!!
The two-headed ogre hits you with a +0 giant club!
* * * LOW HITPOINT WARNING * * *
You scratch the two-headed ogre.
The two-headed ogre is lightly wounded.
The gnoll closely misses you.
The two-headed ogre hits you with a +0 giant club!
* * * LOW HITPOINT WARNING * * *
The two-headed ogre hits you with a +0 giant club!
You die...

#........ #........
#........ #........
#.......g #.....g..
#gg...... #O#######
#@# #.# #.# #.# .#
#.# #.# #.# #.# #.#
#.#
#########.#######.#
#............)).<.#


You could see a two-headed ogre and 2 gnolls.

Vanquished Creatures
  A two-headed ogre (D:8)
  2 wraiths
  A shadow (D:6)
  A vampire mosquito (D:6)
  2 water moccasins
  2 orc warriors (D:9)
  A sky beast (D:7)
  2 ice beasts
  2 black bears
  4 centaurs
  A phantom (D:4)
  3 bullfrogs
  A gnoll sergeant (D:9)
  A scorpion (D:8)
  6 wights
  2 howler monkeys (D:7)
  6 jellies
  2 gnoll boudas
  A hound (D:6)
  6 orc wizards
  7 adders
  14 gnolls
  2 shadow imps (D:7)
  An ufetubus (D:7)
  An adder zombie (Ossuary)
  A worm (D:4)
  18 orcs
  4 bats
  3 endoplasms
  4 giant cockroaches
  8 hobgoblins
  9 jackals
  6 kobolds
  6 quokkas
  7 ball pythons
  2 ball python skeletons (Ossuary)
  2 goblins
  3 hobgoblin zombies (Ossuary)
  A kobold zombie (Ossuary)
  An orc skeleton (Ossuary)
  9 rats
156 creatures vanquished.

Vanquished Creatures (collateral kills)
  A howler monkey (D:6)
1 creature vanquished.

Grand Total: 157 creatures vanquished

Notes
Turn   | Place    | Note
-------+----------+-------------------------------------------
     0 | D:1      | Nestrion the Troll Warper began the quest for the Orb.
     0 | D:1      | Reached XP level 1. HP: 19/19 MP: 1/1
   152 | D:1      | Reached XP level 2. HP: 28/28 MP: 2/2
   261 | D:1      | Found Tieka's Assorted Antiques.
   267 | D:1      | Learned a level 2 spell: Blink
   458 | D:2      | Reached XP level 3. HP: 35/35 MP: 3/3
   703 | D:2      | Found a faded altar of an unknown god.
   707 | D:2      | Prayed at the altar of an unknown god.
   707 | D:2      | Became a worshipper of the Shining One
   707 | D:2      | Reached * piety under the Shining One
   922 | D:3      | Reached XP level 4. HP: 39/42 MP: 5/5
  1257 | D:3      | Found a shimmering altar of Xom.
  1433 | D:3      | Reached skill level 3 in Unarmed Combat
  1887 | D:4      | Noticed a phantom
  1903 | D:4      | Killed a phantom
  1904 | D:4      | Reached XP level 5. HP: 39/49 MP: 6/6
  2012 | D:4      | Reached skill level 4 in Unarmed Combat
  2028 | D:4      | Reached XP level 6. HP: 47/57 MP: 7/7
  2071 | D:4      | Gained mutation: Your system is resistant to poisons.
                  | (rPois) [potion of mutation]
  2071 | D:4      | Gained mutation: You are vulnerable to cold. (rC-) [potion
                  | of mutation]
  2071 | D:4      | Gained mutation: You are strong-willed. (Will+) [potion of
                  | mutation]
  2202 | D:5      | Entered Level 5 of the Dungeon
  2205 | D:5      | Found a sand-covered staircase.
  2211 | Ossuary  | Entered an ossuary
  2274 | Ossuary  | Reached ** piety under the Shining One
  2293 | Ossuary  | Reached skill level 1 in Throwing
  2303 | Ossuary  | Reached skill level 5 in Unarmed Combat
  2326 | Ossuary  | Noticed a flying skull
  2326 | Ossuary  | Noticed a wraith
  2350 | Ossuary  | Noticed a flying skull
  2355 | Ossuary  | Noticed a flying skull
  2380 | Ossuary  | Noticed a flying skull
  2387 | Ossuary  | Noticed a wraith
  2392 | Ossuary  | Killed a wraith
  2393 | Ossuary  | Reached XP level 7. HP: 63/66 MP: 8/8
  2880 | D:6      | Noticed a vampire mosquito
  2886 | D:6      | Noticed a shadow
  2931 | D:6      | Killed a shadow
  2932 | D:6      | Reached skill level 6 in Unarmed Combat
  3162 | D:6      | Learned a level 3 spell: Teleport Other
  3195 | D:6      | Reached skill level 7 in Unarmed Combat
  3195 | D:6      | Reached XP level 8. HP: 53/75 MP: 9/9
  3621 | D:6      | Found a sparkling altar of Nemelex Xobeh.
  4003 | D:7      | Found a glowing golden altar of the Shining One.
  4034 | D:7      | Reached skill level 8 in Unarmed Combat
  4034 | D:7      | Reached *** piety under the Shining One
  4292 | D:7      | Reached XP level 9. HP: 81/84 MP: 11/11
  4380 | D:7      | Found an iron altar of Okawaru.
  4380 | D:7      | Found a shimmering blue altar of Sif Muna.
  4553 | D:8      | Found a viscous altar of Jiyva.
  4559 | D:8      | Reached skill level 9 in Unarmed Combat
  4568 | D:8      | Reached skill level 5 in Dodging
  4771 | D:8      | Noticed a two-headed ogre
  4779 | D:8      | Killed a two-headed ogre
  5281 | D:9      | Found a runed translucent door.
  5281 | D:9      | Noticed a two-headed ogre
  5283 | D:9      | Found a runed translucent door.
  5283 | D:9      | Noticed a troll
  5283 | D:9      | Noticed a red ugly thing
  5342 | D:9      | Reached skill level 10 in Unarmed Combat
  5386 | D:9      | Found a staircase to the Orcish Mines.
  5450 | D:9      | Noticed a two-headed ogre
  5456 | D:9      | Reached XP level 10. HP: 70/92 MP: 13/13
  5458 | D:9      | Mangled by a two-headed ogre

Illustrated notes

Levels and vault maps discovered:
D:1:      co_arrival_random_square_maze, layout_basic, serial_shops, shop,
          chequers_arboretum, minmay_rat_gold_closets
D:2:      layout_loops_cross, basic_ecumenical_altar
D:3:      layout_loops_ring, xom_teletrap_fun, minmay_puff
D:4:      minmay_general_purpose_star, layout_loops_cross,
          mainiacjoe_overflow_surrounded_room, fountainhead, uniq_sigmund
D:5:      layout_basic, nicolae_ru_path_of_blood, mainiacjoe_overflow_boulevard,
          nicolae_ossuary_entry_false_entrances, lightli_sewer_entry_pipes,
          minivault_14
D:6:      nicolae_cairo_tiling_large, layout_basic,
          mainiacjoe_overflow_alcove_1, corner_web_ring,
          hangedman_minor_gate_pass
D:7:      layout_gridville, nicolae_tso_carved_into_rock,
          chequers_temple_overflow_statue_of_worship, minmay_temple_entry_trees,
          grunt_decor_mini_mirrors, minmay_between
D:8:      layout_loops_ring, chequers_garden, jiyva_altar_1
D:9:      minmay_the_grid_triangle_9x9_rhombus_full
          [minmay_the_grid_triangle_9x9_descending_squares,
          minmay_the_grid_triangle_9x9_stretched_checkered,
          minmay_the_grid_triangle_9x9_tough_junction,
          minmay_the_grid_triangle_9x9_impossible_snake,
          minmay_the_grid_triangle_9x9_from_above,
          minmay_the_grid_triangle_9x9_sprig,
          minmay_the_grid_triangle_9x9_dagger,
          minmay_the_grid_triangle_9x9_prize_schism], layout_small_grid,
          david_orc_2

Skill      XL: |  1  2  3  4  5  6  7  8  9 |
---------------+----------------------------+-----
Dodging        | 2 3 4 5 |  5.5
Translocations | 3 |  3.4
Unarmed Combat | 3 4 5 7 8 10 | 10.1
Fighting       | 2 3 |  3.8
Throwing       | 1 |  1.4
Spellcasting   | 2 |  2.7
Invocations    | 3 |  3.6
Stealth        | |  0.7

Action                     |  1- 3 |  4- 6 |  7- 9 | 10-12 || total
---------------------------+-------+-------+-------+-------++-------
  Melee: Unarmed           |    96 |   113 |   214 |     2 ||   425
         Punch             |     2 |       |       |       ||     2
  Throw: Boomerang         |       |     2 |     1 |       ||     3
   Cast: Blink             |       |     1 |     1 |       ||     2
         Teleport Other    |       |       |     6 |       ||     6
 Invoke: Divine Shield     |       |     1 |     1 |       ||     2
  Evoke: Wand              |       |       |     1 |       ||     1
    Use: Scroll            |       |     1 |    11 |       ||    12
         Potion            |       |     1 |     1 |       ||     2
 Armour: Robe              |    49 |    30 |    65 |       ||   144
  Dodge: Dodged            |    59 |    39 |   128 |     3 ||   229
  Block: Orb               |       |       |     3 |       ||     3
